 Dungeon Crawl Stone Soup version 0.26-a0-661-g406de6ba63 (webtiles) character file.

Game seed: 6258982686439487471

273 Descartes the Magician (level 6, -3/32 HPs)
             Began as a Deep Elf Wanderer on Oct 5, 2020.
             Killed from afar by an orc wizard (10 damage)
             ... with a magic dart
             ... on level 4 of the Dungeon on Oct 9, 2020.
             The game lasted 00:09:45 (4297 turns).

Descartes the Magician (Deep Elf Wanderer)          Turns: 4297, Time: 00:09:46

Health: -3/32      AC:  4    Str:  7    XL:     6   Next: 2%
Magic:  27/27      EV: 11    Int: 19    God:
Gold:   141        SH:  0    Dex: 18    Spells: 12/19 levels left

rFire    + . .     SeeInvis .   u - +2 short sword (venom)
rCold    + . .     Faith    .   (no shield)
rNeg     . . .     Spirit   .   s - +2 robe
rPois    .         Reflect  .   (no helmet)
rElec    .         Harm     .   (no cloak)
rCorr    .         Rampage  .   (no gloves)
MR       .....                  (no boots)
Stlth    ++........             (no amulet)
HPRegen  0.10/turn              h - ring of protection from cold
MPRegen  0.20/turn              q - ring of magical power

@: no status effects
A: hooves 1, agile 1, fire resistance 1
a: no special abilities


You were on level 4 of the Dungeon.
You visited 1 branch of the dungeon, and saw 4 of its levels.

You collected 141 gold pieces.

Inventory:

Hand Weapons
 a - a +0 arbalest
 b - a +1 whip of draining
 r - a +3 club
 u - a +2 short sword of venom (weapon)
Missiles
 c - 21 sling bullets
 e - 21 poisoned darts (quivered)
 j - 27 stones
 o - 2 javelins
 t - 5 boomerangs
Armour
 s - a +2 robe (worn)
Jewellery
 h - a ring of protection from cold (left hand)
 q - a ring of magical power (right hand)
Scrolls
 f - 2 scrolls of fog {unknown}
 i - a scroll of magic mapping {unknown}
 k - 4 scrolls of remove curse {unknown}
 l - a scroll of random uselessness {unknown}
 m - 4 scrolls of identify {unknown}
 p - 3 scrolls of teleportation {unknown}
 v - 2 scrolls of amnesia {unknown}
 x - a scroll of enchant weapon {unknown}
Potions
 d - a potion of invisibility {unknown}
 g - a potion of cancellation {unknown}
 n - 2 potions of resistance
 w - a potion of curing {unknown}


   Skills:
 - Level 1.0 Throwing
 - Level 1.2 Stealth
 - Level 7.2 Spellcasting
 + Level 4.4 Conjurations
 + Level 5.7 Earth Magic


You had 12 spell levels left.
You knew the following spells:

 Your Spells              Type           Power        Failure   Level
a - Sandblast             Erth           ####..       1%          1
b - Magic Dart            Conj           ###.         1%          1
c - Blink                 Tloc           N/A          16%         2
d - Conjure Flame         Conj/Fire      ###.....     12%         3

Your spell library contained the following spells:

 Spells                   Type           Power        Failure   Level
 Stone Arrow              Conj/Erth      ####..       3%          3
 Summon Small Mammal      Summ           #...         10%         1
 Call Imp                 Summ           #.......     16%         2
 Slow                     Hex            #.......     16%         2
 Mephitic Cloud           Conj/Pois/Air  ##......     16%         3
 Summon Guardian Golem    Hex/Summ       #.......     30%         3


Dungeon Overview and Level Annotations

Branches:
Dungeon (4/15)
 Temple: D:4-7

Altars:
Cheibriados
Elyvilon
Trog


Innate Abilities, Weirdness & Mutations

You have large cloven feet.
You are agile. (Dex +2)
Your flesh is heat resistant. (rF+)


Message History

Casting: Magic Dart (safe; 1% risk of failure)
Confirm with . or Enter, or press ? or * to list all spells.
Aiming: Magic Dart (safe; 1% risk of failure)
Press: ? - help, Shift-Dir - straight line, f/p - orc priest
Aim: an orc priest, wielding a +0 mace and wearing a cursed +0 ring mail (lightly wounded)
The magic dart hits the orc priest.
The orc priest is lightly wounded.
An orc comes into view. It is wielding a +0 whip.
The orc priest calls down the wrath of Beogh upon you.
Beogh smites you!
Ouch! That really hurt!
* * * LOW HITPOINT WARNING * * *
The orc wizard mumbles some strange words.
The orc wizard seems to speed up.
You hear a shout!
The orc wizard gestures at you while chanting.
You resist with some effort. The orc wizard casts a spell at you.
The magic dart hits you!
You die...

#......##.# #.... #####
#......##.# #.... #...#
#......##[# #....
#####...#####......##.#####....
...............................
####...#####......##.####.....
#...# #########.# #.....
#####...########## #.# #.####
...........o..@..####.## #.#
#####......######.#.....###.##
...........# #.#.......<..#
#####...o..# #.#..........#
###.#### #............# ##.##
##......###).... #...# #......#
#..... #...# #..##.## #.....
#...# ##.##.# ......


You could see an orc wizard (fast).

Vanquished Creatures
  A centaur skeleton (D:4)
  A hound (D:3)
  An orc wizard (D:3)
  Jessica (D:2)
  6 adders
  3 worms
  2 dart slugs
  3 leopard geckos
  4 orcs (D:3)
  2 ball pythons
  5 giant cockroaches
  10 goblins
  8 hobgoblins
  7 jackals (D:2)
  7 kobolds
  2 quokkas
  5 bats
  3 frilled lizards
  14 rats
85 creatures vanquished.

Vanquished Creatures (others)
  31 plants (D:2)
31 creatures vanquished.

Grand Total: 116 creatures vanquished

Notes
Turn   | Place    | Note
-------+----------+-------------------------------------------
     0 | D:1      | Descartes the Deep Elf Wanderer began the quest for the
                  | Orb.
     0 | D:1      | Descartes set off with the following items: a +0 dagger, a
                  | +0 robe; and the following spells available to memorise:
                  | Sandblast, Magic Dart, Summon Small Mammal, Blink, Call
                  | Imp, Slow, Stone Arrow, Conjure Flame, Mephitic Cloud,
                  | Summon Guardian Golem
     0 | D:1      | Reached XP level 1. HP: 10/10 MP: 10/10
     2 | D:1      | Learned a level 1 spell: Sandblast
     4 | D:1      | Learned a level 1 spell: Magic Dart
    78 | D:1      | Reached skill level 1 in Conjurations
   180 | D:1      | Reached XP level 2. HP: 15/15 MP: 6/12
   942 | D:2      | Reached XP level 3. HP: 19/19 MP: 11/13
  1464 | D:2      | Learned a level 2 spell: Blink
  1474 | D:2      | Learned a level 3 spell: Conjure Flame
  1482 | D:2      | Upgraded the game from 0.26-a0-658-gbdda728c12 to
                  | 0.26-a0-661-g406de6ba63
  1533 | D:2      | Reached XP level 4. HP: 5/24 MP: 15/15
  1537 | D:2      | Gained mutation: Your flesh is heat resistant. (rF+)
                  | [potion of mutation]
  1537 | D:2      | Gained mutation: You have large cloven feet. [potion of
                  | mutation]
  1537 | D:2      | Gained mutation: You are agile. (Dex +2) [potion of
                  | mutation]
  2146 | D:2      | Noticed Jessica
  2159 | D:2      | Killed Jessica
  2849 | D:3      | Reached skill level 5 in Earth Magic
  2884 | D:3      | Reached XP level 5. HP: 28/28 MP: 16/16
  3892 | D:3      | Found a bloodstained altar of Trog.
  3894 | D:3      | Found a white marble altar of Elyvilon.
  3894 | D:3      | Found a snail-covered altar of Cheibriados.
  3993 | D:4      | Reached XP level 6. HP: 15/32 MP: 18/18
  4297 | D:4      | Killed from afar by an orc wizard

Illustrated notes

Levels and vault maps discovered:
D:1:      dpeg_arrival_boxorama, layout_basic
D:2:      layout_loops_ring, serial_forest, infiniplex_forest_3_way,
          infiniplex_forest_lined_2, infiniplex_forest_clump_curved,
          infiniplex_forest_lined_2, infiniplex_forest_clump_long,
          infiniplex_forest_straight_2, infiniplex_forest_lined_3,
          infiniplex_forest_zigzag_1, hangedman_decor_clover_reticule,
          ebering_dispersal_statue_hall, serial_bayou_pond_c, minmay_bisected,
          uniq_jessica
D:3:      minmay_chambers_of_threes, layout_loops_cross,
          gammafunk_temple_overflow_claw
D:4:      layout_basic

Skill      XL: |  1  2  3  4  5 |
---------------+----------------+-----
Conjurations   | 1 2 3 4 |  4.4
Earth Magic    | 4 5 |  5.7
Throwing       | |  1.0
Stealth        | |  1.2
Spellcasting   | |  7.2

Action                   |  1- 3 |  4- 6 || total
-------------------------+-------+-------++-------
Melee: Whip              |     4 |       ||     4
       Club              |       |    20 ||    20
       Kick              |       |    10 ||    10
       Short sword       |       |    15 ||    15
 Cast: Magic Dart        |    73 |    94 ||   167
       Sandblast         |     8 |    14 ||    22
  Use: Potion            |       |     4 ||     4
 Stab: Sleeping          |       |     1 ||     1
Armor: Leather armour    |     3 |       ||     3
       Robe              |       |    14 ||    14
Dodge: Dodged            |     9 |    29 ||    38

Table legend: (Time is in decaauts)
 A = Elapsed time spent in this place.
 B = Non-inter-level travel time spent in this place.
 C = Inter-level travel time spent in this place.
 D = Time resting spent in this place.
 E = Time spent auto-exploring this place.
 F = Levels seen in this place.
 G = Mean time per level.
                   A        B        C        D        E       F      G
               +--------+--------+--------+--------+--------+-----+--------+
         Total |   4306 |   4240 |     66 |    138 |   3633 |   4 | 1076.5 |
       Dungeon |   4306 |   4240 |     66 |    138 |   3633 |   4 | 1076.5 |
               +--------+--------+--------+--------+--------+-----+--------+

Top non-repeatable levels by time:
     D:2: 1870 daAuts
     D:3: 1171 daAuts
     D:1: 915 daAuts
     D:4: 349 daAuts
